 Dungeon Crawl Stone Soup version 0.26.0-10-g1f06aea511 (webtiles) character file.

Game seed: 1274063714815749674

86 vatarom the Bolt Thrower (level 4, 0/37 HPs)
             Began as a Formicid Hunter on Jan 20, 2021.
             Slain by a scorpion (5 damage)
             ... on level 3 of the Dungeon.
             The game lasted 00:03:52 (1918 turns).

vatarom the Bolt Thrower (Formicid Hunter)          Turns: 1918, Time: 00:03:53

Health: 0/37       AC:  3    Str: 16 (18) XL:     4   Next: 77%
Magic:  4/4        EV: 11    Int:  9 (10) God:
Gold:   221        SH:  0    Dex: 10 (11) Spells: 3/3 levels left

rFire    . . .     SeeInvis +   p - +0 war axe
rCold    . . .     Faith    .   (no shield)
rNeg     . . .     Spirit   .   c - +0 leather armour
rPois    .         Reflect  .   (helmet unavailable)
rElec    .         Harm     .   (no cloak)
rCorr    .         Rampage  .   (no gloves)
Will     .....                  (no boots)
Stlth    +.........             (no amulet)
HPRegen  0.12/turn              (no ring)
MPRegen  0.09/turn              (no ring)

@: lethally poisoned (0 -> -4)
A: permanent stasis, dig shafts and tunnels, four strong arms, antennae 3
a: Dig, Shaft Self


You were on level 3 of the Dungeon.
You visited 1 branch of the dungeon, and saw 3 of its levels.

You collected 221 gold pieces.

Inventory:

Hand Weapons
 a - a +1 hand crossbow
 p - a +0 war axe (weapon)
Missiles
 d - 7 bolts
Armour
 c - a +0 leather armour (worn)
Scrolls
 e - a scroll of enchant weapon
 f - 2 scrolls of fog
 h - a scroll of identify {@r1}
 l - 3 scrolls of remove curse {@r2}
 o - a scroll of blinking {unknown}
Potions
 j - a potion of attraction


   Skills:
 + Level 3.8 Fighting
 + Level 5.0 Crossbows
 - Level 1.7 Dodging
 - Level 1.2 Stealth


You had 3 spell levels left.
You didn't know any spells.
Your spell library was empty.

Dungeon Overview and Level Annotations

Branches:
Dungeon (3/15)

Altars:
Xom
The Shining One


Innate Abilities, Weirdness & Mutations

You cannot be hasted, slowed, berserked, paralysed or teleported.
You can dig through walls and to a lower floor.
Your four strong arms can wield two-handed weapons with a shield.
You have a pair of large antennae on your head. (SInv)


Message History

The scorpion closely misses you.
You feel less attractive to monsters.
You hit the scorpion but do no damage.
The scorpion is heavily wounded.
You feel sick. The scorpion stings you!
* * * LOW HITPOINT WARNING * * *
You closely miss the scorpion.
The scorpion is heavily wounded.
* * * LOW HITPOINT WARNING * * *
You feel sick. The scorpion closely misses you. x2
Unknown command.
Unknown command.
You hit the scorpion.
The scorpion is heavily wounded.
* * * LOW HITPOINT WARNING * * *
You feel sick.
The scorpion stings you but does no damage.
You closely miss the scorpion.
The scorpion is heavily wounded.
The scorpion stings you.
You die...

#♣.♣P....P.♣..P.#..#
...♣8.⌠.8P.♣.♣♣#.##
♣.♣P....♣.♣.♣♣#.#
♣..♣.8).♣P..♣...######
♣.P...♣.♣♣.♣...†.... ♣.
♣♣.♣.♣.♣♣P...#†##...
.♣..♣..♣..P.♣♣........##
.P.......♣♣....#......##
..§.P♣..@(..P♣.P......#
.#♣♣P§§s).P♣P♣P.♣.#####
♣§♣.♣♣.♣♣.♣♣P♣♣.# #
♣..... ♣♣♣♣ ♣.# .P♣♣..
♣. .P. .♣♣. ♣. . ♣ .


You could see a scorpion.

Vanquished Creatures
  An adder (D:3)
  An ooze (D:3)
  2 worms (D:2)
  2 dart slugs (D:1)
  2 leopard geckos (D:2)
  9 bats
  2 giant cockroaches
  9 goblins
  5 hobgoblins
  7 kobolds
  4 quokkas
  A ball python (D:3)
  7 frilled lizards
  3 rats
55 creatures vanquished.

Vanquished Creatures (others)
  9 plants (D:3)
  6 toadstools (D:1)
15 creatures vanquished.

Grand Total: 70 creatures vanquished

Notes
Turn   | Place    | Note
-------+----------+-------------------------------------------
     0 | D:1      | vatarom the Formicid Hunter began the quest for the Orb.
     0 | D:1      | Reached XP level 1. HP: 16/16 MP: 1/1
   158 | D:1      | Reached XP level 2. HP: 23/23 MP: 2/2
   540 | D:1      | Reached XP level 3. HP: 29/29 MP: 3/3
  1178 | D:2      | Found a glowing golden altar of the Shining One.
  1179 | D:2      | Found a shimmering altar of Xom.
  1287 | D:2      | Reached XP level 4. HP: 34/35 MP: 4/4
  1898 | D:3      | Reached skill level 5 in Crossbows
  1918 | D:3      | Slain by a scorpion

Illustrated notes

Levels and vault maps discovered:
D:1:      dpeg_arrival_round_b, layout_basic, minmay_gold_behind_fungi,
          minmay_misc_feat_rugged, minmay_misc_feat_rows
D:2:      layout_basic, gammafunk_temple_overflow_pools, st_stairs_9,
          kennysheep_boxes
D:3:      wad_woods_tower, layout_rooms

Skill      XL: |  1  2  3  4 |
---------------+-------------+-----
Fighting       | 3 |  3.8
Crossbows      | 5 |  5.0
Dodging        | |  1.7
Stealth        | |  1.2

Action                   |  1- 3 |  4- 6 || total
-------------------------+-------+-------++-------
Melee: Short sword       |    11 |    24 ||    35
       War axe           |       |    17 ||    17
 Fire: Hand crossbow     |    60 |    32 ||    92
  Use: Potion            |       |     6 ||     6
       Scroll            |       |     3 ||     3
Armor: Leather armour    |     3 |    17 ||    20
Dodge: Dodged            |    14 |    41 ||    55
